Map: Blackpink LE

Players

Rogue - Winner!

  • Race: Zerg Zerg
  • Spawn Location: 1:00

Classic

  • Race: Protoss Protoss
  • Spawn Location: 7:00

Event: IEM Season 12 - Katowice

VOD

Have the link to the VOD?

Description

Time

  • Played on: March 4, 2018, 7:46 a.m.
  • Length: 12:12

All games in this series

Show
View Real Time Build Order
Export as new Build Order

Rogue Zerg - Winner!

Build Orders: Hatch First, Muta Ling Bane 

Get SALT Encoding   

  12  0:01  Drone  
  13  0:12  Overlord  
  13  0:17  Drone  
  14  0:31  Drone x2  
  16  0:48  Hatchery  
  15  0:51  Drone  
  15  0:54  Drone  
  17  0:58  Drone  
  18  1:10  Extractor  
  17  1:13  Spawning Pool  
  17  1:16  Drone  
  17  1:19  Drone  
  18  1:28  Drone  
  19  1:39  Drone  
  20  1:50  Overlord  
  20  2:01  Queen x2, Zergling x4  
  26  2:10  Metabolic Boost  
  26  2:12  Drone  
  26  2:13  Drone  
  28  2:22  Drone x2  
  30  2:33  Drone x2  
  32  2:45  Hatchery  
  32  2:46  Overlord  
  32  2:49  Drone  
  32  2:55  Drone x2  
  34  3:05  Drone x2  
  36  3:10  Drone  
  36  3:11  Drone x3  
  36  3:12  Drone x2  
  42  3:15  Queen  
  42  3:19  Overlord  
  44  3:29  Spore Crawler  
  44  3:30  Drone  
  44  3:35  Spore Crawler  
  44  3:40  Drone x4  
  47  3:42  Drone x2  
  47  3:44  Drone  
  47  3:46  Queen  
  52  3:53  Overlord  
  52  3:56  Queen  
  52  3:58  Drone x2  
  52  3:59  Evolution Chamber  
  55  4:07  Drone x2  
  57  4:10  Spore Crawler  
  57  4:14  Drone x2  
  57  4:16  Overlord  
  58  4:22  Spore Crawler, Overlord  
  57  4:28  Queen, Extractor  
  57  4:30  Extractor  
  57  4:31  Drone x2  
  58  4:33  Overlord  
  58  4:36  Queen  
  58  4:37  Overlord, Zerg Melee Weapons Level 1  
  61  4:40  Drone x3  
  61  4:42  Drone x2  
  66  4:46  Drone x2  
  66  4:47  Drone  
  69  4:55  Baneling Nest  
  69  4:56  Drone  
  69  4:57  Drone x3  
  69  4:58  Drone  
  73  5:03  Lair  
  73  5:07  Zergling x8  
  73  5:11  Zergling x8  
  80  5:18  Drone x2, Extractor x2  
  80  5:19  Drone  
  81  5:29  Drone x3  
  84  5:37  Drone x4  
  84  5:39  Baneling  
  84  5:40  Baneling x3  
  88  5:45  Zergling x2  
  88  5:46  Spine Crawler  
  88  5:47  Overlord x2  
  88  5:54  Overlord  
  88  5:55  Spine Crawler  
  87  5:58  Baneling x2  
  87  5:59  Overlord  
  87  6:06  Drone  
  87  6:07  Drone x7  
  87  6:09  Hydralisk Den  
  87  6:11  Extractor, Hatchery  
  92  6:16  Drone x3  
  92  6:17  Zergling x6  
  92  6:18  Zergling x2, Centrifical Hooks  
  99  6:25  Overlord  
  99  6:31  Zergling x8  
  103  6:33  Overseer  
  103  6:35  Overlord  
  103  6:40  Spire  
  102  6:48  Grooved Spines  
  102  6:49  Hatchery  
  102  6:52  Hydralisk  
  103  6:54  Hydralisk x3  
  103  6:55  Hydralisk x2  
  113  7:02  Hydralisk x4  
  121  7:11  Overlord  
  121  7:19  Hydralisk  
  121  7:20  Hydralisk x3  
  121  7:21  Overlord  
  129  7:27  Drone x7  
  136  7:35  Overlord  
  135  7:40  Extractor  
  135  7:42  Extractor  
  135  7:43  Zerg Melee Weapons Level 2  
  133  7:52  Zergling x26  
  145  7:59  Drone x2  
  147  8:10  Overlord  
  147  8:11  Mutalisk x9  
  165  8:15  Muscular Augments  
  164  8:20  Mutalisk  
  164  8:22  Overlord  
  164  8:27  Mutalisk  
  164  8:28  Overlord  
  164  8:29  Drone  
  164  8:30  Drone x4  
  164  8:32  Drone x3  
  173  8:41  Baneling x12  
  173  8:50  Hatchery  
  173  8:51  Zerg Flyer Weapons Level 1  
  173  8:53  Zergling x4  
  173  8:54  Zergling x20  
  184  9:00  Pneumatized Carapace  
  184  9:07  Zergling x10  
  184  9:08  Overlord x2  
  188  9:12  Baneling x13  
  188  9:18  Zergling x8  
  188  9:22  Baneling x9  
  188  9:23  Baneling x5  
  186  9:30  Baneling x13  
  186  9:36  Zergling x18  
  168  9:40  Zergling x6  
  168  9:42  Zergling x2  
  168  9:43  Zergling x6  
  168  9:45  Zergling x4  
  151  9:47  Zergling x4  
  151  9:48  Zergling x2  
  151  9:49  Zergling x4  
  151  9:51  Zergling x4  
  147  9:53  Zergling x2  
  147  9:55  Zergling x2  
  147  9:56  Zergling x4  
  147  9:59  Zergling x2  
  138  10:07  Mutalisk x2  
  138  10:08  Mutalisk x4  
  138  10:11  Drone x3  
  153  10:17  Hydralisk x3  
  159  10:25  Hydralisk x2  
  159  10:26  Baneling  
  159  10:27  Baneling x10  
  163  10:34  Zergling x2  
  163  10:35  Zergling x10  
  169  10:36  Drone x3  
  172  10:50  Baneling, Hydralisk x8  
  188  11:02  Hatchery  
  183  11:09  Zergling x14  
  184  11:14  Zergling x24  
  184  11:15  Zergling x4  
  184  11:16  Zergling x2  
  199  11:31  Baneling x12  
  199  11:32  Baneling x19  
  195  11:36  Zergling x10  
  195  11:38  Zergling x4  
  195  11:39  Zergling x4  
  199  11:40  Baneling, Zergling x2  
  199  11:41  Baneling x5  
  199  11:46  Zergling x2  
  199  11:47  Zergling x6  
  198  11:48  Baneling  
  198  11:50  Zergling x2  
Show
View Real Time Build Order
Export as new Build Order

Classic Protoss 

Build Orders: 1 Gate Expand, Oracle Opening, Phoenix Opening, Archon Immortal, Zealot Archon, Archon Drop 

Get SALT Encoding   

  12  0:00  Probe  
  13  0:12  Probe  
  14  0:17  Pylon  
  14  0:25  Probe (Chrono Boost)  
  15  0:37  Probe (Chrono Boost)  
  15  0:39  Gateway  
  16  0:45  Probe (Chrono Boost)  
  16  0:48  Assimilator  
  17  0:51  Probe  
  18  1:03  Probe  
  19  1:15  Probe  
  20  1:25  Nexus  
  20  1:35  Cybernetics Core  
  20  1:38  Probe  
  21  1:44  Assimilator  
  21  1:50  Probe  
  22  1:55  Pylon  
  22  2:02  Probe  
  22  2:03  Pylon  
  23  2:21  Adept, Stargate, Probe (Chrono Boost)  
  26  2:26  Warp Gate  
  27  2:31  Probe (Chrono Boost)  
  27  2:36  Probe (Chrono Boost)  
  28  2:40  Probe (Chrono Boost)  
  29  2:46  Probe (Chrono Boost)  
  29  2:49  Probe (Chrono Boost)  
  29  2:50  Adept  
  29  2:51  Probe (Chrono Boost)  
  34  2:59  Probe  
  34  3:03  Probe, Phoenix (Chrono Boost)  
  38  3:11  Probe  
  38  3:12  Pylon  
  39  3:15  Probe  
  39  3:19  Oracle (Chrono Boost)  
  40  3:26  Probe  
  44  3:28  Gateway  
  44  3:29  Probe  
  47  3:39  Assimilator  
  45  3:41  Assimilator  
  45  3:42  Probe x2  
  45  3:47  Robotics Facility  
  47  3:54  Probe x2  
  47  3:55  Pylon  
  49  4:02  Twilight Council  
  49  4:06  Probe x2  
  51  4:12  Gateway  
  51  4:13  Gateway  
  51  4:18  Probe x2  
  53  4:31  Warp Prism (Chrono Boost)  
  53  4:35  Zealot x2  
  53  4:37  Pylon  
  59  4:45  Charge  
  59  4:46  Templar Archives  
  59  4:51  Probe  
  60  5:01  Nexus  
  60  5:04  Pylon  
  60  5:11  Probe x2  
  62  5:19  Forge  
  62  5:22  Gateway  
  62  5:25  Gateway  
  62  5:27  High Templar x4  
  70  5:31  Archon x2  
  70  5:35  Observer  
  71  5:39  Probe x2, Pylon  
  73  5:47  Pylon  
  73  5:59  Zealot x4  
  73  6:00  Protoss Ground Weapons Level 1 (Chrono Boost)  
  77  6:04  Immortal (Chrono Boost)  
  77  6:08  Probe x2  
  79  6:18  Probe  
  80  6:20  Probe x2  
  80  6:21  High Templar x2  
  86  6:28  Assimilator  
  86  6:30  Probe, Assimilator  
  86  6:31  Pylon  
  88  6:32  Probe  
  88  6:33  Probe  
  88  6:36  Psionic Storm  
  88  6:38  Gateway  
  88  6:39  Gateway  
  89  6:42  Probe, Immortal (Chrono Boost)  
  89  6:45  Probe x2, Pylon  
  96  6:54  Probe  
  96  6:57  Probe x2  
  99  7:06  Probe  
  99  7:08  Photon Cannon  
  100  7:09  Probe x2, Pylon  
  102  7:16  Immortal (Chrono Boost)  
  106  7:27  Pylon x2  
  106  7:28  Photon Cannon  
  106  7:29  High Templar x2  
  110  7:30  Pylon  
  110  7:35  Zealot x3, High Templar x2  
  120  7:39  Archon  
  120  7:41  Pylon  
  120  7:48  Immortal (Chrono Boost)  
  124  7:52  Zealot  
  124  7:53  Protoss Ground Weapons Level 2  
  124  7:55  Photon Cannon  
  126  7:59  Pylon  
  126  8:07  Nexus  
  126  8:09  Pylon  
  126  8:11  High Templar x2  
  130  8:18  Archon  
  128  8:28  Immortal (Chrono Boost)  
  128  8:29  Photon Cannon  
  128  8:30  Zealot x4, High Templar x2  
  144  8:35  Archon  
  144  8:39  Photon Cannon  
  144  8:41  Pylon  
  144  8:50  Probe x3  
  144  8:53  High Templar x2, Assimilator  
  151  8:57  Archon  
  151  8:58  Assimilator  
  151  9:02  Photon Cannon x2  
  151  9:05  Photon Cannon  
  151  9:07  Photon Cannon  
  151  9:09  Stalker x3  
  157  9:11  Phoenix (Chrono Boost)  
  157  9:15  Stalker  
  155  9:19  Stalker  
  148  9:24  Stalker  
  148  9:29  Stalker  
  146  9:32  Phoenix (Chrono Boost)  
  86  9:51  Stalker x5  
  86  9:52  Stalker x2  
  92  9:55  Archon  
  91  10:06  Probe x3, Phoenix (Chrono Boost)  
  82  10:17  Probe  
  82  10:18  Probe x3  
  86  10:25  Phoenix (Chrono Boost)  
  86  10:32  High Templar  
  88  10:38  High Templar  
  88  10:40  Probe x4  
  94  10:50  High Templar  
  94  10:51  Zealot x4, High Templar  
  94  10:53  Probe x2  
  94  10:54  Probe  
  109  10:58  Immortal (Chrono Boost)  
  113  11:07  Phoenix (Chrono Boost)  
  108  11:40  Warp Prism (Chrono Boost)  
  108  11:41  Probe (Chrono Boost)  
  108  11:42  Probe x2 (Chrono Boost)  
  108  11:45  High Templar x2  
  108  11:46  Probe (Chrono Boost)  
  114  11:50  Archon  
  114  11:53  Probe (Chrono Boost)  
  117  11:57  Probe x2 (Chrono Boost), Archon  

Tags
 
Add a new tag
Caveats
  • Supply blocks, unpowered buildings, or Contaminate may cause inaccurate times.
  • Supply counts are checked every 10 seconds.